 Dungeon Crawl Stone Soup version 0.19-a0-994-g3c636f0 (webtiles) character file.

13083 4thArraOfDagon the Summoner (level 11, -21/84 (85) HPs)
             Began as a Demigod Summoner on July 17, 2016.
             Killed from afar by a deep elf mage (33 damage)
             ... with a bolt of lightning
             ... on level 14 of the Dungeon.
             The game lasted 00:42:49 (7441 turns).

4thArraOfDagon the Summoner (Demigod Summoner)      Turns: 7441, Time: 00:42:50

HP:   -21/84 (85)   AC:  7    Str: 13    XL:     11   Next: 43%
MP:   17/29         EV: 22    Int: 23    God:
Gold: 701           SH:  0    Dex: 26    Spells: 4 memorised, 6 levels left

rFire  + + .     SeeInvis .     p - +10 dagger of the Dwarven Hall {vamp, rN+}
rCold  + . .     Gourm    +     x - +0 robe of Dogma {rF+ rC+ Str+2 Dex+3} (curse)
rNeg   + . .     Faith    .     (no shield)
rPois  +         Spirit   .     N - +2 hat
rElec  .         Dismiss  .     (no cloak)
rCorr  .         Reflect  .     o - +1 pair of gloves
SustAt +         Harm     .     f - +0 pair of boots
MR     +....                    P - amulet of the gourmand
Stlth  ++++......               C - ring of magical power
                                r - ring of protection from fire

@: agile, somewhat resistant to hostile enchantments, stealthy
A: antennae 1, agile 1, dopey 1, high mp 1, mutation resistance 1, poison
resistance, screaming 1, sustain attributes
a: no special abilities


You were on level 14 of the Dungeon.
You were not hungry.

You visited 1 branch of the dungeon, and saw 14 of its levels.

You collected 701 gold pieces.

Inventory:

Hand Weapons
 k - a +0 flail
 p - the +10 dagger of the Dwarven Hall (weapon) {vamp, rN+}
   (You found it on level 5 of the Dungeon)

   It inflicts no extra harm, but heals its wielder somewhat when it strikes a
   living foe.
   It protects you from negative energy.
 t - a +1 long sword
 v - a +0 flail
 E - a +0 great sword
Missiles
 d - 7 curare-tipped needles
Armour
 a - a +0 robe
 f - a +0 pair of boots (worn)
 j - a +3 scale mail of cold resistance
 o - a +1 pair of gloves (worn)
 x - the cursed +0 robe of Dogma (worn) {rF+ rC+ Str+2 Dex+3}
   (You found it on level 10 of the Dungeon)

   It affects your strength (+2).
   It affects your dexterity (+3).
   It protects you from fire.
   It protects you from cold.
   It has a curse placed upon it.
 K - a troll hide
 M - a +2 plate armour of fire resistance
 N - a +2 hat (worn)
Magical Staves
 s - an uncursed staff of poison {unknown}
 G - an uncursed staff of fire {unknown}
Jewellery
 e - a +2 ring of evasion
 q - a +3 ring of dexterity
 r - a ring of protection from fire (left hand)
 A - an uncursed ring of sustain attributes
 C - a ring of magical power (right hand)
 I - a +2 ring of protection
 P - an amulet of the gourmand (around neck)
Wands
 h - a wand of iceblast (5/15)
 z - a wand of disintegration (5/24)
 D - a wand of confusion (30/48)
 J - a wand of disintegration (11/24)
Scrolls
 l - a scroll of fog
 H - a scroll of immolation
 L - a scroll of remove curse
 O - a scroll of enchant weapon
Potions
 i - 2 potions of brilliance {unknown}
 m - a potion of ambrosia {unknown}
 n - a potion of might {unknown}
 u - 2 potions of heal wounds {unknown}
 F - 2 potions of agility
Books
 b - a book of Callings

   Spells                             Type                      Level
   a - Summon Small Mammal            Summoning                    1
   b - Call Imp                       Summoning                    2
   c - Call Canine Familiar           Summoning                    3
   d - Summon Guardian Golem          Hexes/Summoning              3
   e - Summon Lightning Spire         Summoning/Air                4
   f - Summon Ice Beast               Ice/Summoning                4
 y - a Necronomicon

   Spells                             Type                      Level
   a - Haunt                          Necromancy/Summoning         7
   b - Borgnjor's Revivification      Necromancy                   8
   c - Death's Door                   Charms/Necromancy            8
   d - Infestation                    Necromancy                   8
   e - Necromutation                  Transmutation/Necromancy     8
 B - Mnoleg's Tome of Calling
   (You found it on level 8 of the Dungeon)

   Spells                             Type                      Level
   a - Summon Butterflies             Summoning                    1
   b - Recall                         Summoning/Translocation      3
   c - Spellforged Servitor           Conjuration/Summoning        7
Comestibles
 c - 9 bread rations
 g - 4 meat rations
 w - 4 beef jerkies


   Skills:
 + Level 4.4 Fighting
 * Level 9.9 Long Blades
 + Level 4.7 Armour
 + Level 5.0 Dodging
 - Level 1.7 Stealth
 - Level 4.1 Spellcasting
 * Level 11.4 Summonings


You had 6 spell levels left.
You knew the following spells:

 Your Spells              Type           Power        Failure   Level  Hunger
a - Summon Small Mammal   Summ           ####         1%          1    None
b - Call Canine Familiar  Summ           ######..     1%          3    ##.....
c - Summon Lightning Spi  Summ/Air       ####....     12%         4    ####...
d - Summon Ice Beast      Ice/Summ       ####....     12%         4    ####...


Dungeon Overview and Level Annotations

Branches:
Dungeon (14/15)            Temple (0/1) D:7            Lair (0/6) D:10
    Orc (0/2) D:9
 Vaults: D:13-14

Annotations:
D:5 Grinder
D:6 Dowan, Duvessa


Innate Abilities, Weirdness & Mutations

You have an increased reservoir of magic. (+10% MP)
Your attributes are resistant to harm.
You have a pair of small antennae on your head.
You are agile. (Dex +2)
You are dopey. (Int -2)
You are somewhat resistant to further mutation.
Your system is resistant to poisons. (rPois)
You occasionally shout uncontrollably at your foes.


Message History

The fire giant points at you and mumbles some strange words.
The fireball explodes!
The fireball engulfs you! You resist.
Unknown command.
There is a shaft here.
Unknown command.
You fall through a shaft!
The shaft crumbles and collapses.
A deep elf mage comes into view. It is wielding a long sword.
Unknown command.
The deep elf mage shouts!
The deep elf mage points at you and mumbles some strange words.
The bolt of lightning hits you!
* * * LOW HITPOINT WARNING * * *
Unknown command.
Unknown command.
It was a potion of agility.
You feel agile all of a sudden.
The deep elf mage gestures at you while chanting.
The bolt of lightning hits you!
You die...

. #.. .... .....
####...e.. #.@.......
#.....###. #.....# .##.#
#.....# #...#.####
#.....# #.........
.......#.....# #.........
Y..(...#.....###.........
.......#.....'......>....
..:.R..#.....####........


You could see a deep elf mage.

Vanquished Creatures
  A fire giant (D:13)
  The ghost of Rationalist the Blocker, a novice FoFi of Qazlal (D:8)
  A wolf spider zombie (D:14)
  A manticore (D:13)
  A cyclops (D:11)
  A centaur zombie (D:11)
  2 trolls
  Prince Ribbit (D:7)
  6 yaks
  A hungry ghost (D:8)
  An orc warrior (D:11)
  2 ice beasts (D:5)
  A sky beast (D:9)
  3 black bears
  An eye of draining (D:8)
  4 ogres
  A wolf (D:9)
  A centaur (D:11)
  A crocodile (D:10)
  A big kobold (D:12)
  5 giant frogs
  A killer bee (D:10)
  A scorpion (D:5)
  6 crimson imps
  2 hounds
  5 jellies
  2 orc priests
  A giant frog skeleton (D:12)
  2 centaur skeletons
  Jessica (D:3)
  2 orc wizards
  Terence (D:3)
  4 worker ants
  A hound skeleton (D:4)
  A river rat (D:10)
  3 adders
  A shadow imp (D:7)
  An ooze (D:3)
  An adder skeleton (D:4)
  20 orcs
  A bat (shapeshifter) (D:13)
  2 bats
  A giant cockroach (D:2)
  A hobgoblin (D:3)
  A jackal (D:7)
  2 quokkas
  A ball python skeleton (D:4)
  3 giant newts
  6 kobolds (D:12)
  A rat (D:1)
112 creatures vanquished.

Vanquished Creatures (collateral kills)
  Gastronok (D:12)
  A tengu reaver (D:13)
  A centaur warrior (D:13)
  4 hill giants
  A mana viper (shapeshifter) (D:13)
  2 ugly things (D:12)
  The ghost of HAL9000 the Cudgeler, a novice OgHu (D:5)
  Psyche (D:9)
  2 centaur zombies
  A gargoyle (D:10)
  A kobold demonologist (D:8)
  2 komodo dragons
  A troll (D:12)
  A wraith (D:12)
  4 yaks
  A basilisk (D:10)
  Grum (D:9)
  A hippogriff (D:11)
  A warg (D:9)
  3 porcupines (D:10)
  3 ogres
  3 phantoms
  A necrophage (D:10)
  2 orc warriors
  A sky beast (D:9)
  A wolf (D:9)
  An eye of draining (D:9)
  A crocodile (D:10)
  A scorpion (D:4)
  4 killer bees (D:10)
  2 hounds
  A quasit (D:7)
  3 orc priests
  2 jellies (D:8)
  2 orc wizards
  2 iguanas
  3 worker ants
  2 sheep (D:11)
  2 adders (D:3)
  3 river rats (D:10)
  An ooze (D:4)
  2 worms (D:2)
  2 dart slugs (D:2)
  A giant gecko (D:1)
  14 orcs
  A ball python (D:2)
  A hobgoblin (D:1)
  2 jackals (D:1)
  A giant newt (D:7)
  A goblin (D:1)
  2 rats
99 creatures vanquished.

Vanquished Creatures (others)
  A toadstool (D:8)
1 creature vanquished.

Grand Total: 212 creatures vanquished

Notes
Turn   | Place    | Note
-------+----------+-------------------------------------------
     0 | D:1      | 4thArraOfDagon the Demigod Summoner began the quest for the Orb.
     0 | D:1      | Reached XP level 1. HP: 14/14 MP: 5/5
     8 | D:1      | last one
   348 | D:2      | Reached XP level 2. HP: 19/20 MP: 2/7
   403 | D:2      | Reached skill level 4 in Summonings
   409 | D:2      | whats here
   411 | D:3      | jerky
   420 | D:3      | Noticed Terence
   494 | D:3      | Killed Terence
   523 | D:3      | Noticed Jessica
   541 | D:3      | Killed Jessica
   541 | D:3      | Reached XP level 3. HP: 17/26 MP: 2/9
   548 | D:3      | Learned a level 3 spell: Call Canine Familiar
   825 | D:4      | Reached XP level 4. HP: 31/33 MP: 3/10
   951 | D:4      | Learned a level 4 spell: Summon Lightning Spire
   960 | D:5      | Entered Level 5 of the Dungeon
   960 | D:5      | Noticed Grinder
  1042 | D:4      | Reached skill level 5 in Summonings
  1147 | D:5      | Noticed an ice beast
  1555 | D:5      | Got a dazzling dagger
  1559 | D:5      | Identified the +10 dagger of the Dwarven Hall {vamp, rN+} (You found it on level 5 of the Dungeon)
  1634 | D:5      | Killed an ice beast
  1634 | D:5      | Reached XP level 5. HP: 38/38 MP: 12/12
  1753 | D:4      | Reached skill level 6 in Summonings
  1824 | D:5      | Reached XP level 6. HP: 12/45 MP: 9/14
  1979 | D:5      | Gained mutation: You are dopey. (Int -2) [potion of mutation]
  1979 | D:5      | Gained mutation: You have a pair of small antennae on your head. [potion of mutation]
  1982 | D:6      | Gained mutation: Your muscles are strong. (Str +2) [potion of mutation]
  1982 | D:6      | Gained mutation: Your system is resistant to poisons. (rPois) [potion of mutation]
  1983 | D:6      | Noticed Duvessa
  1992 | D:6      | Noticed Dowan
  2194 | D:5      | Noticed HAL9000's ghost (novice OgHu)
  2228 | D:5      | Killed HAL9000's ghost
  2409 | D:5      | Reached XP level 7. HP: 50/50 MP: 9/16
  2489 | D:5      | lol
  2716 | D:5      | Reached skill level 7 in Summonings
  2759 | D:7      | Found a snail-covered altar of Cheibriados.
  2801 | D:7      | Learned a level 4 spell: Summon Ice Beast
  2888 | D:7      | Found an iron altar of Okawaru.
  2890 | D:7      | Found a staircase to the Ecumenical Temple.
  2926 | D:7      | Noticed Prince Ribbit
  2937 | D:7      | Killed Prince Ribbit
  2991 | D:7      | Reached XP level 8. HP: 35/57 MP: 12/17
  3178 | D:8      | Identified Mnoleg's Tome of Calling (You found it on level 8 of the Dungeon)
  3378 | D:8      | Reached skill level 8 in Summonings
  3405 | D:8      | Reached skill level 5 in Long Blades
  3440 | D:8      | Noticed Rationalist's ghost (novice FoFi)
  3467 | D:8      | Killed Rationalist's ghost
  3542 | D:8      | Noticed a kobold demonologist
  3546 | D:8      | Noticed a soul eater
  3550 | D:8      | Killed a kobold demonologist
  3672 | D:8      | Found a viscous altar of Jiyva.
  3825 | D:9      | Reached skill level 9 in Summonings
  3825 | D:9      | Reached XP level 9. HP: 62/62 MP: 18/18
  3897 | D:10     | Entered Level 10 of the Dungeon
  3969 | D:10     | Noticed a komodo dragon
  3983 | D:10     | Killed a komodo dragon
  4025 | D:10     | Found a staircase to the Lair.
  4161 | D:9      | Noticed Grum
  4175 | D:9      | Killed Grum
  4178 | D:9      | Noticed Psyche
  4184 | D:9      | Reached skill level 1 in Fighting
  4184 | D:9      | Reached skill level 1 in Armour
  4190 | D:9      | Killed Psyche
  4220 | D:9      | Gained mutation: You occasionally shout uncontrollably at your foes. [mutagenic meat]
  4223 | D:9      | Lost mutation: You are dopey. (Int -2) [mutagenic meat]
  4226 | D:9      | Gained mutation: You are agile. (Dex +2) [mutagenic meat]
  4229 | D:9      | Lost mutation: Your muscles are strong. (Str +2) [mutagenic meat]
  4232 | D:9      | Gained mutation: You are somewhat resistant to further mutation. [mutagenic meat]
  4303 | D:9      | Found a staircase to the Orcish Mines.
  4742 | D:10     | Reached skill level 10 in Summonings
  4745 | D:10     | Found a white marble altar of Elyvilon.
  4751 | D:10     | Noticed a hill giant
  4761 | D:10     | Killed a hill giant
  4818 | D:10     | Reached XP level 10. HP: 57/72 MP: 19/19
  4966 | D:10     | Got an ichor-stained robe
  4980 | D:10     | Identified the cursed +0 robe of Dogma {rF+ rC+ Str+2 Dex+3} (You found it on level 10 of the Dungeon)
  5086 | D:11     | Noticed a hill giant
  5098 | D:11     | Killed a hill giant
  5137 | D:11     | Noticed a hill giant
  5151 | D:11     | Killed a hill giant
  5538 | D:12     | Noticed Gastronok
  5555 | D:12     | Killed Gastronok
  5682 | D:11     | Noticed a cyclops
  5705 | D:11     | Killed a cyclops
  5741 | D:12     | Noticed a hill giant
  5752 | D:12     | Killed a hill giant
  5796 | D:12     | Noticed a brown ugly thing
  5804 | D:12     | Killed a brown ugly thing
  5918 | D:12     | Reached XP level 11. HP: 31/82 MP: 20/20
  5973 | D:12     | Gained mutation: You are dopey. (Int -2) [mutagenic meat]
  6177 | D:14     | Reached skill level 11 in Summonings
  6483 | D:13     | Noticed a fire giant
  6494 | D:13     | Noticed a fire giant
  6502 | D:13     | Killed a fire giant
  6506 | D:13     | HP: 4/83 [komodo dragon (13)]
  6868 | D:13     | Noticed a centaur warrior
  6880 | D:13     | Killed a centaur warrior
  7018 | D:13     | Noticed a tengu reaver
  7061 | D:13     | Killed a tengu reaver
  7356 | D:13     | Reached skill level 5 in Dodging
  7439 | D:13     | You fall through a shaft!
  7439 | D:14     | Noticed a deep elf mage
  7441 | D:14     | Killed from afar by a deep elf mage

Vault maps used:
D:1:      evilmike_arrival_plus
D:3:      first_bread, uniq_jessica, uniq_robin, uniq_terence
D:5:      portal_sewer_entry_e, uniq_grinder
D:6:      elyvilon_altar_1, minitemple, uniq_blork_the_orc, uniq_duvessa
D:7:      okawaru_trees_1, cheibriados_altar_1, grunt_ogre_cave,
          uniq_prince_ribbit1
D:8:      hex_large, lasty_cornered_adventurer
D:9:      erik_orc_4, uniq_grum, uniq_psyche, uniq_erica
D:10:     minmay_lair_entry_grove, basic_altar, serial_bayou_pond_c
D:11:     kennysheep_generic_room_5
D:12:     lemuel_mausoleum_altar_yredelemnul, uniq_gastronok
D:13:     minmay_textured_paths
D:14:     erik_vaults_1

Skill      XL: |  1  2  3  4  5  6  7  8  9 10 11 |
---------------+----------------------------------+-----
Spellcasting   | 2 3 4 |  4.1
Summonings     | 4 5 6 7 9 10 11 | 11.4
Long Blades    | 2 4 6 8 9 |  9.9
Dodging        | 2 4 5 |  5.0
Fighting       | 2 3 4 |  4.4
Armour         | 2 4 |  4.7
Stealth        | |  1.7

Action                   |  1- 3 |  4- 6 |  7- 9 | 10-12 || total
-------------------------+-------+-------+-------+-------++-------
Melee: Unarmed           |     8 |       |       |       ||     8
       Flail             |    29 |    26 |       |       ||    55
       Dagger            |       |    51 |   136 |   222 ||   409
Throw: Throwing net      |       |       |     1 |     1 ||     2
 Cast: Summon Small Mamm |    42 |    13 |     1 |       ||    56
       Call Canine Famil |     3 |    16 |    20 |    18 ||    57
       Summon Lightning  |       |     3 |    28 |    19 ||    50
       Summon Ice Beast  |       |       |     7 |    20 ||    27
Evoke: Wand              |     2 |       |     3 |     3 ||     8
  Use: Scroll            |     1 |     4 |     4 |     5 ||    14
       Potion            |     1 |     2 |     4 |     1 ||     8
 Stab: Sleeping          |     2 |     1 |     3 |     4 ||    10
       Distracted        |     1 |       |     5 |     5 ||    11
  Eat: Beef jerky        |       |     2 |     1 |     1 ||     4
       Chunk             |       |     5 |    17 |    16 ||    38
       Bread ration      |       |     1 |       |       ||     1
       Fruit             |       |       |     4 |     7 ||    11
Armor: Robe              |    12 |    14 |    24 |    30 ||    80
Dodge: Dodged            |    46 |    52 |    84 |   131 ||   313
